 Dungeon Crawl Stone Soup version 0.28.0-49-g6dfe1f597d (webtiles) character file.

Game seed: 15443891403889043149

963 nickcage the Basher (level 8, -6/58 HPs)
             Began as a Formicid Gladiator on May 16, 2022.
             Mangled by Duvessa
             ... wielding a +4 short sword of flaming
              (7 damage)
             ... on level 5 of the Dungeon on May 17, 2022.
             The game lasted 00:14:28 (5249 turns).

nickcage the Basher (Formicid Gladiator)            Turns: 5249, Time: 00:14:29

Health: -6/58      AC: 18    Str: 22    XL:     8   Next: 37%
Magic:  8/8        EV: 11    Int:  7    God:
Gold:   266        SH:  0    Dex: 15    Spells: 7/7 levels left

rFire   + + .      SeeInvis +   m - +4 mace (protect)
rCold   . . .      Faith    .   (no shield)
rNeg    . . .      Spirit   .   d - +2 scale mail {rF+}
rPois   .          Reflect  .   (helmet unavailable)
rElec   .          Harm     .   l - +0 cloak
rCorr   +          Rampage  .   s - +0 pair of gloves
Will    .....                   p - +0 pair of boots "Enythrimn" {rF+ Will- rCorr Dex+3}
Stlth   ..........              (no amulet)
HPRegen 0.19/turn               B - ring of resist corrosion
MPRegen 0.11/turn               (no ring)

@: under a protective aura
A: permanent stasis, dig shafts and tunnels, antennae 3, four strong arms
a: Dig, Shaft Self


You were on level 5 of the Dungeon.
You visited 1 branch of the dungeon, and saw 5 of its levels.

You collected 266 gold pieces.

Inventory:

Hand Weapons
 a - a +0 flail
 m - a +4 mace of protection (weapon)
 r - a +1 flail of protection
Missiles
 c - 3 throwing nets
 o - 3 boomerangs
 u - 5 poisoned darts (quivered)
Armour
 b - a +0 leather armour
 d - a +2 scale mail of fire resistance (worn)
 l - a +0 cloak (worn)
 p - the +0 pair of boots "Enythrimn" (worn) {rF+ Will- rCorr Dex+3}
   (You found it on level 3 of the Dungeon)

   Dex:       It affects your dexterity (+3).
   rF:        It protects you from fire.
   rCorr:     It protects you from acid and corrosion.
   Will:      It decreases your willpower.
 s - a +0 pair of gloves (worn)
Jewellery
 B - a ring of resist corrosion (left hand)
Wands
 w - a wand of digging (2)
 x - a wand of iceblast (3)
 y - a wand of polymorph (8)
Scrolls
 g - a scroll of enchant armour
 k - 2 scrolls of magic mapping
 n - 2 scrolls of identify
 v - a scroll of acquirement {unknown}
 z - a scroll of silence {unknown}
 A - 2 scrolls of noise {unknown}
Potions
 e - a potion of berserk rage
 f - a potion of flight
 h - 2 potions of heal wounds {unknown}
 i - a potion of degeneration {unknown}
 j - a potion of attraction {unknown}
 q - a potion of brilliance {unknown}
 t - a potion of curing {unknown}


   Skills:
 - Level 3.3 Fighting
 * Level 9.3 Maces & Flails
 - Level 2.0 Throwing
 - Level 2.6 Dodging


You had 7 spell levels left.
You didn't know any spells.
Your spell library contained the following spells:

 Spells                   Type           Power      Damage    Failure   Level
 Shock                    Conj/Air       0%         1d3       78%         1
 Confusing Touch          Hex            0%         N/A       98%         3
 Airstrike                Air            0%         N/A       100%        4
 Yara's Violent Unravell  Hex/Tmut       0%         3d3       100%        5
 Enfeeble                 Hex            0%         N/A       100%        7
 Swiftness                Air            Unusable   N/A       N/A         3

Dungeon Overview and Level Annotations

Branches:
Dungeon (5/15)
 Temple: D:4-7

Altars:
Trog
Uskayaw

Annotations:
D:5 Dowan, Duvessa


Innate Abilities, Weirdness & Mutations

You cannot be hasted, slowed, berserked, paralysed or teleported.
You can dig through walls and to a lower floor.
You have a pair of large antennae on your head. (SInv)
Your four strong arms can wield two-handed weapons with a shield.


Message History

Duvessa burns you.
You hit Duvessa but do no damage.
Your weapon exudes an aura of protection.
Duvessa is lightly wounded.
Duvessa hits you but does no damage.
You closely miss Duvessa.
Duvessa is lightly wounded.
Duvessa says, "When magic and the sword combine, nothing stands against them."
Duvessa hits you with a +4 short sword of flaming!
Duvessa burns you.
Dowan generates a fountain of clear water, and laughs cruelly.
Duvessa hits you with a +4 short sword of flaming.
Duvessa burns you.
You hit Duvessa.
Duvessa is moderately wounded.
Duvessa closely misses you.
You completely miss Duvessa.
Duvessa is heavily wounded.
Duvessa hits you but does no damage. Dowan hits you with a +0 dagger.
* * * LOW HITPOINT WARNING * * *
Duvessa completely misses you.
You completely miss Duvessa.
Duvessa is heavily wounded.
Duvessa barely misses you. Dowan misses you.
You hit Duvessa.
Duvessa is severely wounded.
Duvessa hits you with a +4 short sword of flaming!
* * * LOW HITPOINT WARNING * * *
Duvessa burns you.
* * * LOW HITPOINT WARNING * * *
Dowan hits you but does no damage. Duvessa closely misses you.
Okay, then.
Dowan casts a spell.
Dowan blinks!
Duvessa hits you with a +4 short sword of flaming.
* * * LOW HITPOINT WARNING * * *
You hit Duvessa but do no damage.
Duvessa is almost dead.
Duvessa hits you with a +4 short sword of flaming!
You die...

#...>..#####....######
#............(..#
#...........(...#
#..........(....#
#.........(.....#
#........(......#
###........e......#
........ยง.........#
##....@e.........#
#################


You could see Duvessa (fast, strong, very poisoned) and Dowan.

Vanquished Creatures
  Grinder (D:5)
  Edmund (D:4)
  An ogre (D:4)
  A kobold brigand (D:4)
  2 scorpions (D:4)
  Crazy Yiuf (D:2)
  Ijyb (D:4)
  An iguana (D:4)
  12 gnolls (D:4)
  7 adders
  2 ufetubi (D:4)
  A dart slug (D:3)
  5 orcs (D:3)
  12 ball pythons
  2 bats
  9 endoplasms
  4 giant cockroaches
  8 goblins
  6 hobgoblins
  3 jackals (D:2)
  45 kobolds
  4 quokkas
  A frilled lizard (D:3)
  3 rats
133 creatures vanquished.

Vanquished Creatures (others)
  A plant (D:1)
1 creature vanquished.

Grand Total: 134 creatures vanquished

Notes
Turn   | Place    | Note
-------+----------+-------------------------------------------
     0 | D:1      | nickcage the Formicid Gladiator began the quest for the
                  | Orb.
     0 | D:1      | Reached XP level 1. HP: 16/16 MP: 1/1
   326 | D:1      | Reached XP level 2. HP: 21/22 MP: 2/2
  1022 | D:2      | Reached XP level 3. HP: 28/28 MP: 3/3
  1054 | D:2      | Found a faded altar of an unknown god.
  1059 | D:2      | Reached skill level 4 in Maces & Flails
  1687 | D:2      | Reached XP level 4. HP: 30/34 MP: 4/4
  1995 | D:2      | Found a runed translucent door.
  1996 | D:2      | Noticed Crazy Yiuf
  2010 | D:2      | Killed Crazy Yiuf
  2330 | D:3      | Reached skill level 5 in Maces & Flails
  2334 | D:3      | Reached XP level 5. HP: 39/39 MP: 5/5
  2337 | D:3      | Identified the +0 pair of boots "Enythrimn" {rF+ Will-
                  | rCorr Dex+3}
  2919 | D:4      | Reached XP level 6. HP: 46/47 MP: 6/6
  2941 | D:4      | Reached skill level 6 in Maces & Flails
  2948 | D:4      | Found a bloodstained altar of Trog.
  2995 | D:4      | Noticed Edmund
  3017 | D:4      | Killed Edmund
  3018 | D:4      | Reached XP level 7. HP: 21/52 MP: 7/7
  3024 | D:4      | Reached skill level 7 in Maces & Flails
  3261 | D:4      | Noticed Ijyb
  3272 | D:4      | Killed Ijyb
  3273 | D:4      | Found a hide-covered altar of Uskayaw.
  3630 | D:4      | Reached skill level 8 in Maces & Flails
  4492 | D:4      | Reached XP level 8. HP: 58/58 MP: 8/8
  5048 | D:5      | Entered Level 5 of the Dungeon
  5160 | D:5      | Noticed Grinder
  5174 | D:5      | Killed Grinder
  5175 | D:5      | Reached skill level 9 in Maces & Flails
  5224 | D:5      | Noticed Duvessa
  5237 | D:5      | Noticed Dowan
  5248 | D:5      | HP: 1/58 [Duvessa/+4 short sword of flaming (5)]
  5249 | D:5      | Mangled by Duvessa

Illustrated notes

Levels and vault maps discovered:
D:1:      giann_horns, layout_basic, serial_forest,
          infiniplex_forest_clump_double, infiniplex_forest_clump_diagonal,
          infiniplex_forest_straight_4, infiniplex_forest_straight_2,
          infiniplex_forest_straight_2, infiniplex_forest_straight_4,
          infiniplex_forest_straight_2, infiniplex_forest_lined_4_way,
          infiniplex_forest_clump_small, nrook_campfire, kennysheep_small_spiral
D:2:      layout_basic, hellmonk_ecumenical_altar_prayer_group, minivault_25,
          uniq_crazy_yiuf_cottage
D:3:      layout_basic
D:4:      minmay_goblin_kobold_castle, layout_cave_pools, bloody_trog,
          eat_drink_and_be_merry_uskayaw, minivault_27, minmay_misc_feat_rows,
          minmay_cut_off, uniq_edmund, uniq_ijyb
D:5:      layout_gridville, lemuel_round_altar, nicolae_ru_path_of_blood,
          minmay_temple_entry_nine_rooms, serial_glass, glass_columns_a,
          glass_columns_a, glass_columns_b, glass_columns_b, glass_columns_b,
          glass_columns_c, glass_columns_a, glass_columns_a, uniq_duvessa,
          uniq_grinder

Skill      XL: |  1  2  3  4  5  6  7  8 |
---------------+-------------------------+-----
Maces & Flails | 4 5 6 8 9 |  9.3
Fighting       | 3 |  3.3
Throwing       | |  2.0
Dodging        | |  2.6

Action                   |  1- 3 |  4- 6 |  7- 9 || total
-------------------------+-------+-------+-------++-------
Melee: Flail             |    96 |    26 |       ||   122
       Mace              |       |    79 |   171 ||   250
       Punch             |       |     3 |     1 ||     4
Throw: Boomerang         |       |     6 |     2 ||     8
       Dart              |       |       |    13 ||    13
 Abil: Dig               |       |       |     1 ||     1
Evoke: Wand              |       |     3 |       ||     3
  Use: Scroll            |       |     6 |       ||     6
Armor: Scale mail        |    36 |    65 |   160 ||   261
Dodge: Dodged            |    63 |    66 |   165 ||   294
